 Dungeon Sprint DCSS version 0.21.0-25-ge575cb9 (webtiles) character file.

188355 wojtek the Axe Maniac (level 16, -8/183 HPs)
             Began as a Minotaur Berserker on Jan 25, 2018.
             Was a High Priest of Trog.
             Mangled by Geryon (18 damage)
             ... in the Dungeon (Sprint III: "The Ten Rune Challenge").
             The game lasted 00:47:08 (10632 turns).

wojtek the Axe Maniac (Minotaur Berserker)         Turns: 10632, Time: 00:47:08

Health: -8/183     AC: 33    Str: 33    XL:     16   Next: 82%
Magic:  0/25       EV: 19    Int:  7    God:    Trog [*****.]
Gold:   2095       SH:  0    Dex: 10    Spells: 15/15 levels left

rFire    + + .     SeeInvis +   a - +8 battleaxe of the Elven Halls {speed, rElec rF+ rC++ SInv}
rCold    + + +     Gourm    .   (shield currently unavailable)
rNeg     . . .     Faith    .   u - +0 gold dragon scales
rPois    +         Spirit   +   B - +1 hat {Int+3}
rElec    +         Reflect  .   z - +1 cloak {+Inv}
rCorr    .         Harm     .   N - +0 pair of gloves
MR       +....     NoTele   +   (no boots)
Stlth    ..........             Q - amulet of guardian spirit
HPRegen  0.40/turn              r - +4 ring of strength
MPRegen  0.19/turn              (no ring)

@: berserk cooldown, slowed, very slow
A: retaliatory headbutt, horns 2
}: 3/10 runes: serpentine, barnacled, silver
a: Berserk, Trog's Hand, Brothers in Arms, Burn Spellbooks, Renounce Religion,
Evoke Invisibility


You were in the Dungeon.
You worshipped Trog.
Trog was extremely pleased with you.
You were near starving.

You visited 1 branch You collected 2814 gold pieces.
You spent 719 gold pieces at shops.

Inventory:

Hand Weapons
 a - the +8 battleaxe of the Elven Halls (weapon) {speed, rElec rF+ rC++ SInv}
   (Trog gifted it to you in the Dungeon)

   Attacks with this weapon are significantly faster.
   It protects you from fire.
   It greatly protects you from cold.
   It insulates you from electricity.
   It lets you see invisible.
 j - the +9 battleaxe "Opoegoebat" {vamp, rElec Dex+2, unknown}
   (Trog gifted it to you in the Dungeon)

   It inflicts no extra harm, but heals its wielder when it wounds a living foe.
   It affects your dexterity (+2).
   It insulates you from electricity.
 s - a +5 antimagic executioner's axe
 t - a +6 broad axe of draining
 v - a +6 antimagic battleaxe
 x - the +5 battleaxe of Payq {holy, rF+ Str+2 Int+2}
   (Trog gifted it to you in the Dungeon)

   It has been blessed by the Shining One to cause great damage to the undead
   and demons.
   It affects your strength (+2).
   It affects your intelligence (+2).
   It protects you from fire.
 C - the +11 battleaxe of No Interval {holy, rC+}
   (Trog gifted it to you in the Dungeon)

   It has been blessed by the Shining One to cause great damage to the undead
   and demons.
   It protects you from cold.
 F - a +3 vampiric battleaxe
 G - a +6 battleaxe of freezing
 J - the +11 battleaxe of Soegiczo {chop, MR+ Str+3 Int+4}
   (Trog gifted it to you in the Dungeon)

   It inflicts extra damage upon your enemies.
   It affects your strength (+3).
   It affects your intelligence (+4).
   It affects your resistance to hostile enchantments.
 M - the +3 battleaxe "Reuggiot" {chop, +Rage +Inv rPois}
   (Trog gifted it to you in the Dungeon)

   It inflicts extra damage upon your enemies.
   It protects you from poison.
   It lets you turn invisible.
   It lets you go berserk.
Missiles
 y - 16 javelins of penetration (quivered)
 K - 7 throwing nets
Armour
 u - +0 gold dragon scales (worn)
 z - a +1 cloak of invisibility (worn)
 B - a +1 hat of intelligence (worn)
 N - a +0 pair of gloves (worn)
 S - a +2 shield of protection
 U - a +2 plate armour of fire resistance
 Y - a +0 large shield of reflection
Jewellery
 r - a +4 ring of strength (left hand)
 H - an uncursed ring of protection from fire
 P - an uncursed ring of flight
 Q - an amulet of guardian spirit (around neck)
Wands
 A - a wand of digging (13)
 I - a wand of disintegration (10)
 O - a wand of iceblast (9)
 W - a wand of scattershot (5)
Scrolls
 l - 2 scrolls of torment
 m - 2 scrolls of identify
 n - 2 scrolls of remove curse
 p - a scroll of holy word {unknown}
 D - a scroll of fear {unknown}
 T - 3 scrolls of acquirement
 Z - a scroll of enchant weapon {unknown}
Potions
 d - 3 potions of curing
 f - 2 potions of haste
 g - 2 potions of magic
 h - a potion of berserk rage
 k - 7 potions of mutation
 o - 5 potions of flight
 q - a potion of cancellation {unknown}
 E - a potion of lignification {unknown}
Miscellaneous
 b - a lamp of fire
 w - a phial of floods
 L - a box of beasts
 R - a phial of floods
 V - a lamp of fire
Comestibles
 c - 11 rations


   Skills:
 O Level 27 Fighting
 O Level 27 Axes
 O Level 27 Armour
 O Level 27 Dodging
 + Level 14.6 Evocations


You had 15 spell levels left.
You didn't know any spells.

Dungeon Overview and Level Annotations

Branches:
Dungeon (1/1)

Altars:
Cheibriados
Dithmenos
Elyvilon
Fedhas
Gozag
Hepliaklqana
Kikubaaqudgha
Makhleb
Nemelex Xobeh
Okawaru
Qazlal
Ru
Sif Muna
Trog
Uskayaw
Vehumet
Wu Jian
Xom
Yredelemnul
Zin
The Shining One
Beogh
Jiyva
Lugonu

Shops:
D %(}%%}[%%[[!(?=[::=[:%!}

Annotations:
D Geryon


Innate Abilities, Weirdness & Mutations

You reflexively headbutt those who attack you in melee.
You have a pair of horns on your head.


Message History

The hell beast tramples you but does no damage.
The hell beast bleats, "Thy faith shall be my mouthful!"
The hell beast bites you!
* * * LOW HITPOINT WARNING * * *
The hell beast closely misses you.
Your two-headed ogre hits the hell beast with a giant club!
Your two-headed ogre hits the hell beast with a giant club!!
The hell beast dies!
The hell beast misses you. You furiously retaliate!
You headbutt the hell beast!! The hell beast tramples you.
* * * LOW HITPOINT WARNING * * *
You hold your ground!
Geryon winds a great silver horn.
The hell beast bites you but does no damage.
The hell beast closely misses you. The hell beast barely misses you.
The hell beast closely misses you.
Your two-headed ogre hits the hell beast with a giant club!!!
Your two-headed ogre misses the hell beast.
Geryon tail-slaps you!!
You die...

#≈)(...((#≈≈≈##.....##...
#)(...(≈)#'#'###((.###.#.
####''####.#.# ##(####.##
+.....#'#####(≈≈≈+#.##
+###############.#(.'∩∩#)≈≈(#..##
.......(#...# ##"####∩∩#(≈≈.#####
....2).2#)..###..O###..#..≈.#..'≈
.)(.(2.2(:..')..2..)'..'..(≈+..#≈
.c....2.#...###2@2###..#≈≈≈.#..#.
........#..(# ##&##∩#..#.(..#..#.
#+##############.#..#..####+#####
#......#+#'##..#.#.#.#.#†
#......#.'..'..'#.#.#.#.#
#......#.####..#.#.#.#†#.
#....))'.#.########▓▓▓▓▓▓
#....).###.#..§§...▓
#.###).#...#..§§...▓


You could see Geryon, 3 hell beasts and a friendly two-headed ogre (berserk).

Vanquished Creatures
  Mennas (D)
  Boris (D)
  Frederick (D)
  Sigmund (D)
  3 golden dragons (D)
  2 bone dragons (D)
  Rupert (D)
  A lich (D)
  2 sphinxes (D)
  A quicksilver dragon (D)
  An ancient champion (D)
  An Executioner (D)
  Chuck (D)
  Gastronok (D)
  A storm dragon (D)
  3 shadow dragons (D)
  Roxanne (D)
  Ilsuiw (D)
  A nagaraja (D)
  A frost giant (D)
  A ghost moth (D)
  2 draconian knights (D)
  3 stone giants (D)
  3 vampire knights (D)
  Nessos (D)
  Azrael (D)
  Snorg (D)
  2 mummy priests (D)
  A merfolk javelineer (D)
  A fire dragon (D)
  4 yaktaur captains (D)
  A naga warrior (D)
  2 hydras (D)
  2 hell beasts (D)
  An anaconda (D)
  15 vault guards (D)
  3 centaur warriors (D)
  An ogre mage (D)
  4 dancing weapons (D)
  4 death yaks (D)
  Urug (D)
  A titan zombie (D)
  2 soul eaters (D)
  A deep elf knight (D)
  2 sun demons (D)
  A shadow wraith (D)
  5 skeletal warriors (D)
  A spriggan druid (D)
  A sea snake (D)
  A death drake (D)
  An unseen horror (D)
  An obsidian statue (D)
  A spectral iron dragon (D)
  A lindwurm (D)
  7 ugly things (D)
  2 crystal guardians (D)
  A deep elf mage (D)
  2 oklob plants (D)
  A guardian serpent (D)
  A moth of wrath (D)
  6 black mambas (D)
  A stone giant skeleton (D)
  2 spiny frogs (D)
  8 statues (D)
  Edmund (D)
  9 yaktaurs (D)
  A komodo dragon (D)
  An anaconda simulacrum (D)
  3 wandering mushrooms (D)
  2 ice devils (D)
  A hornet (shapeshifter) (D)
  6 guardian mummies (D)
  2 tyrant leeches (D)
  4 spriggan defenders (D)
  A queen bee (D)
  3 hornets (D)
  8 blink frogs (D)
  An orc high priest (D)
  7 slime creatures (D)
  3 redbacks (D)
  2 spriggans (D)
  A shadow (D)
  A human (shapeshifter) (D)
  2 nagas (D)
  A spatial vortex (D)
  3 hydra simulacra (D)
  10 water moccasins (D)
  A swamp drake (D)
  An orc warrior (D)
  A necrophage (D)
  2 centaurs (D)
  An earth elemental (D)
  A water elemental (D)
  32 killer bees (D)
  5 electric eels (D)
  An orc wizard (D)
  4 orc priests (D)
  A jelly (D)
  A wizard (D)
  Jessica (D)
  A necromancer (D)
  A kobold demonologist (D)
  3 humans (D)
  3 adders (D)
  An ooze (D)
  A phantom (D)
  An adder simulacrum (D)
  An orc (D)
  A bat zombie (D)
  A ball python simulacrum (D)
  2 bat simulacra (D)
  A quokka simulacrum (D)
  A rat (D)
  5 ballistomycetes (D)
  2 bushes (D)
  A butterfly (D)
  6 plants (D)
287 creatures vanquished.

Vanquished Creatures (collateral kills)
  Mara (D)
  Polyphemus (D)
  A shadow dragon (D)
  2 vampire knights (D)
  2 dire elephants (D)
  2 vault guards (D)
  A skeletal warrior (D)
  An obsidian statue (D)
  2 orc knights (D)
  2 crystal guardians (D)
  2 elephants (D)
  A guardian serpent (shapeshifter) (D)
  An iron troll simulacrum (D)
  A molten gargoyle (D)
  3 dream sheep (D)
  3 orc warriors (D)
  2 orc priests (D)
  2 orc wizards (D)
  6 orcs (D)
  A butterfly (D)
  A plant (D)
38 creatures vanquished.

Vanquished Creatures (others)
  Nikola (D)
  2 draconian scorchers (D)
  6 hellions (D)
  A rime drake (D)
  3 yaktaurs (D)
  An electric eel (D)
  5 ball lightnings (D)
  3 ballistomycete spores (D)
  6 plants (D)
28 creatures vanquished.

Grand Total: 353 creatures vanquished

Notes
Turn   | Place    | Note
-------+----------+-------------------------------------------
     0 | D        | wojtek the Minotaur Berserker began the quest for the Orb.
     0 | D        | Reached XP level 1. HP: 19/19 MP: 0/0
    21 | D        | Noticed Jessica
    28 | D        | Killed Jessica
    28 | D        | Reached ** piety under Trog
    28 | D        | Reached skill level 5 in Axes
    28 | D        | Reached XP level 2. HP: 16/28 MP: 1/1
    28 | D        | Reached XP level 3. HP: 20/35 MP: 2/2
    31 | D        | Killed a yaktaur
   113 | D        | Killed a hellion
   140 | D        | Killed a hellion
   141 | D        | Killed a hellion
   143 | D        | Killed a hellion
   144 | D        | Killed a hellion
   170 | D        | Reached skill level 5 in Fighting
   237 | D        | Noticed a water elemental
   240 | D        | Killed a water elemental
   240 | D        | Reached *** piety under Trog
   240 | D        | Received a gift from Trog
   240 | D        | Reached skill level 5 in Armour
   240 | D        | Reached skill level 5 in Dodging
   240 | D        | Reached XP level 4. HP: 44/44 MP: 3/3
   250 | D        | Killed a white draconian scorcher
   272 | D        | Found a radiant altar of Vehumet.
   272 | D        | Found a deep blue altar of Sif Muna.
   272 | D        | Found an ancient bone altar of Kikubaaqudgha.
   272 | D        | Noticed a wizard
   276 | D        | Killed a wizard
   276 | D        | Reached XP level 5. HP: 51/51 MP: 4/4
   293 | D        | Found a glowing silver altar of Zin.
   294 | D        | Found a glowing golden altar of the Shining One.
   294 | D        | Found a white marble altar of Elyvilon.
   294 | D        | Noticed a deep elf mage
   296 | D        | Killed a white draconian scorcher
   297 | D        | Reached **** piety under Trog
   300 | D        | Killed a deep elf mage
   300 | D        | Reached XP level 6. HP: 60/62 MP: 5/5
   300 | D        | Reached XP level 7. HP: 67/69 MP: 6/6
   314 | D        | Found a hide-covered altar of Uskayaw.
   314 | D        | Found an iron altar of Okawaru.
   315 | D        | Found a roughly hewn altar of Beogh.
   315 | D        | Found a bloodstained altar of Trog.
   315 | D        | Found an ornate altar of the Wu Jian Council.
   315 | D        | Noticed a human
   315 | D        | Noticed a human
   317 | D        | Killed a yaktaur
   319 | D        | Reached ***** piety under Trog
   320 | D        | Killed a human
   325 | D        | Killed a human
   350 | D        | Killed a hellion
   354 | D        | Found a basalt altar of Yredelemnul.
   354 | D        | Found a shadowy altar of Dithmenos.
   354 | D        | Found a sacrificial altar of Ru.
   361 | D        | Received a gift from Trog
   391 | D        | Noticed a shadow
   400 | D        | Killed a shadow
   400 | D        | Reached skill level 10 in Fighting
   400 | D        | Reached XP level 8. HP: 74/79 MP: 7/7
   492 | D        | Found a blossoming altar of Fedhas.
   492 | D        | Found a stormy altar of Qazlal.
   493 | D        | Found a snail-covered altar of Cheibriados.
   493 | D        | Found a burning altar of Makhleb.
   493 | D        | Found a hazy altar of Hepliaklqana.
   493 | D        | Found a shimmering altar of Xom.
   493 | D        | Found an opulent altar of Gozag.
   493 | D        | Found a sparkling altar of Nemelex Xobeh.
   493 | D        | Found a corrupted altar of Lugonu.
   493 | D        | Found a viscous altar of Jiyva.
   511 | D        | Reached skill level 10 in Armour
   525 | D        | Noticed Snorg
   533 | D        | Killed Snorg
   533 | D        | Reached skill level 15 in Axes
   533 | D        | Reached skill level 10 in Dodging
   533 | D        | Reached XP level 9. HP: 89/89 MP: 8/8
   579 | D        | Noticed an orc knight
   580 | D        | Received a gift from Trog
   589 | D        | Killed an orc knight
   602 | D        | Received a gift from Trog
   608 | D        | Received a gift from Trog
   618 | D        | Found Uthuq's Food Shop.
   785 | D        | Killed a yaktaur
  1083 | D        | Noticed a centaur warrior
  1086 | D        | Killed a centaur warrior
  1272 | D        | Killed an unseen horror
  1272 | D        | Received a gift from Trog
  1272 | D        | Reached XP level 10. HP: 83/100 MP: 9/9
  1331 | D        | Received a gift from Trog
  1353 | D        | Reached ****** piety under Trog
  1354 | D        | Received a gift from Trog
  1374 | D        | Received a gift from Trog
  1397 | D        | Received a gift from Trog
  1403 | D        | Got a warped battleaxe {god gift}
  1601 | D        | Noticed a spiny frog
  1601 | D        | Noticed a spiny frog
  1607 | D        | Killed a spiny frog
  1612 | D        | Killed a spiny frog
  1753 | D        | Received a gift from Trog
  1753 | D        | Reached XP level 11. HP: 110/110 MP: 10/10
  1793 | D        | Noticed Rupert
  1802 | D        | Killed Rupert
  2110 | D        | Noticed a dire elephant
  2112 | D        | Killed a dire elephant
  2112 | D        | Received a gift from Trog
  2112 | D        | Reached skill level 15 in Fighting
  2115 | D        | Noticed Gastronok
  2118 | D        | Killed Gastronok
  2118 | D        | Reached skill level 15 in Armour
  2121 | D        | Noticed a dire elephant
  2124 | D        | Killed a dire elephant
  2169 | D        | Noticed a death yak
  2169 | D        | Noticed a death yak
  2172 | D        | Noticed a death yak
  2179 | D        | Killed a death yak
  2189 | D        | Killed a death yak
  2195 | D        | Noticed a death yak
  2196 | D        | Killed a death yak
  2196 | D        | Received a gift from Trog
  2202 | D        | Killed a death yak
  2245 | D        | Reached XP level 12. HP: 110/122 MP: 11/11
  2262 | D        | Noticed an azure jelly
  2262 | D        | Noticed an azure jelly
  2340 | D        | Noticed an anaconda
  2341 | D        | Received a gift from Trog
  2347 | D        | Killed an anaconda
  2347 | D        | Reached skill level 15 in Dodging
  2351 | D        | Received a gift from Trog
  2674 | D        | Received a gift from Trog
  2727 | D        | Noticed a naga warrior
  2727 | D        | Noticed a nagaraja
  2746 | D        | Killed a nagaraja
  2762 | D        | Found Diteam's Food Boutique.
  2762 | D        | Found Cukecuv's Antique Weapon Emporium.
  2766 | D        | Found Qasen's Gadget Shop.
  2782 | D        | Killed a naga warrior
  2794 | D        | Got a serpentine rune of Zot
  2810 | D        | Bought a wand of disintegration (12) for 192 gold pieces
  2886 | D        | Received a gift from Trog
  2887 | D        | Got a transparent battleaxe {god gift}
  2949 | D        | Noticed Urug
  2954 | D        | Killed Urug
  2959 | D        | Identified the +11 battleaxe of Soegiczo {chop, MR+ Str+3 Int+4} (Trog gifted it to you in the Dungeon)
  2960 | D        | Identified the +5 battleaxe of Payq {holy, rF+ Str+2 Int+2} (Trog gifted it to you in the Dungeon)
  2979 | D        | Noticed a seven-headed hydra
  2979 | D        | Noticed a four-headed hydra
  2987 | D        | Killed a one-headed hydra
  2994 | D        | Killed a three-headed hydra
  3055 | D        | Received a gift from Trog
  3377 | D        | Found a blossoming altar of Fedhas.
  3386 | D        | Received a gift from Trog
  3425 | D        | Noticed Polyphemus
  3433 | D        | Killed a ghost moth
  3433 | D        | Reached XP level 13. HP: 77/133 MP: 0/12
  3440 | D        | Killed Polyphemus
  3441 | D        | Received a gift from Trog
  3707 | D        | Noticed Ilsuiw
  3727 | D        | HP: 2/133 [something/shard of ice (53)]
  3729 | D        | Killed Ilsuiw
  4131 | D        | Found Wofrocu's Gadget Emporium.
  4143 | D        | Found Ethi's Antique Armour Shop.
  4181 | D        | Found Ocoul's Food Shoppe.
  4183 | D        | Noticed a merfolk javelineer
  4205 | D        | Killed a merfolk javelineer
  4258 | D        | Bought a wand of digging (12) for 352 gold pieces
  4271 | D        | Got a barnacled rune of Zot
  4430 | D        | Noticed Sigmund
  4430 | D        | Noticed Edmund
  4437 | D        | Killed Sigmund
  4437 | D        | Received a gift from Trog
  4440 | D        | Killed Edmund
  4444 | D        | Got a twisted battleaxe {god gift}
  4446 | D        | Identified the +8 battleaxe of the Elven Halls {speed, rElec rF+ rC++ SInv} (Trog gifted it to you in the Dungeon)
  4790 | D        | Received a gift from Trog
  5000 | D        | Received a gift from Trog
  5003 | D        | Got a pitted battleaxe {god gift}
  5022 | D        | Noticed a mummy priest
  5046 | D        | Killed a mummy priest
  5336 | D        | Found Lesoicsi's Armour Shop.
  5337 | D        | Found Pomuon's Distillery.
  5337 | D        | Found Onoz's Armour Shop.
  5337 | D        | Found Safokimu's Food Emporium.
  5683 | D        | Found Ronugoem's Book Emporium.
  5683 | D        | Found Diwu's Armour Shop.
  5683 | D        | Found Peekuabe's Antique Armour Boutique.
  5683 | D        | Found Xegh's Gadget Shoppe.
  5683 | D        | Found Janledalei's Book Boutique.
  5683 | D        | Found Zomitz's Jewellery Emporium.
  5683 | D        | Found Bexzog's Jewellery Shoppe.
  5683 | D        | Found Vyseiji's Distillery.
  5683 | D        | Found Juem's Magic Scroll Shop.
  5683 | D        | Found Dugonwaesh's Food Emporium.
  5683 | D        | Found Xuin's Antique Weapon Emporium.
  5683 | D        | Found Fotize's Book Boutique.
  5771 | D        | Found Ineb's Food Boutique.
  5778 | D        | Received a gift from Trog
  5792 | D        | Noticed a purple draconian knight
  5792 | D        | Noticed a purple draconian knight
  5796 | D        | Killed a purple draconian knight
  5810 | D        | Killed a purple draconian knight
  5859 | D        | Received a gift from Trog
  5864 | D        | Reached XP level 14. HP: 138/146 MP: 13/13
  5981 | D        | Noticed Nikola
  5990 | D        | Killed Nikola
  6081 | D        | Noticed a storm dragon
  6113 | D        | Killed a storm dragon
  6359 | D        | Received a gift from Trog
  6413 | D        | Noticed a vampire knight
  6413 | D        | Noticed Mara
  6413 | D        | Noticed a vampire knight
  6417 | D        | Noticed wojtek's illusion
  6419 | D        | Killed Mara
  6432 | D        | Killed a vampire knight
  6434 | D        | Killed a vampire knight
  6481 | D        | Bought an uncursed ring of flight for 175 gold pieces
  6506 | D        | Noticed an ancient champion
  6509 | D        | Killed an ancient champion
  6509 | D        | Reached skill level 27 in Axes
  6553 | D        | Received a gift from Trog
  6562 | D        | Noticed Boris
  6576 | D        | Killed Boris
  6576 | D        | Received a gift from Trog
  6850 | D        | Noticed an Executioner
  6857 | D        | Killed an Executioner
  6931 | D        | Noticed Nessos
  6937 | D        | Killed Nessos
  7325 | D        | Noticed Azrael
  7331 | D        | Killed Azrael
  7331 | D        | Received a gift from Trog
  7526 | D        | Received a gift from Trog
  7532 | D        | Reached XP level 15. HP: 127/161 MP: 14/14
  7548 | D        | Got a steaming battleaxe {god gift}
  7672 | D        | Received a gift from Trog
  7876 | D        | Noticed Chuck
  7885 | D        | Killed Chuck
  7925 | D        | Identified the +11 battleaxe of No Interval {holy, rC+} (Trog gifted it to you in the Dungeon)
  7934 | D        | Identified the +6 battleaxe of Indignation {chop, rPois rC- rN+ Stlth+} (Trog gifted it to you in the Dungeon)
  7975 | D        | Noticed Frederick
  7994 | D        | Killed Frederick
  7994 | D        | Received a gift from Trog
  8087 | D        | Noticed a lich
  8094 | D        | Killed a lich
  8107 | D        | Noticed a shadow dragon
  8109 | D        | Noticed a shadow dragon
  8113 | D        | Killed a shadow dragon
  8124 | D        | Killed a shadow dragon
  8382 | D        | Received a gift from Trog
  8383 | D        | Got a dazzling battleaxe {god gift}
  8390 | D        | Noticed a quicksilver dragon
  8390 | D        | Noticed a golden dragon
  8414 | D        | Killed a golden dragon
  8450 | D        | Noticed a frost giant
  8459 | D        | Received a gift from Trog
  8468 | D        | Killed a frost giant
  8470 | D        | Noticed a shadow dragon
  8488 | D        | Killed a shadow dragon
  8515 | D        | Received a gift from Trog
  8518 | D        | Got an ancient battleaxe {god gift}
  8750 | D        | Noticed a golden dragon
  8756 | D        | Killed a golden dragon
  8764 | D        | Noticed a golden dragon
  8788 | D        | Killed a golden dragon
  8788 | D        | Received a gift from Trog
  9040 | D        | Identified the +3 battleaxe "Reuggiot" {chop, +Rage +Inv rPois} (Trog gifted it to you in the Dungeon)
  9041 | D        | Identified the +7 battleaxe of Ruination {chop, Str+4} (Trog gifted it to you in the Dungeon)
  9089 | D        | Killed a quicksilver dragon
  9089 | D        | Reached XP level 16. HP: 140/179 MP: 15/15
  9177 | D        | Noticed a shadow dragon
  9183 | D        | Killed a shadow dragon
  9203 | D        | Received a gift from Trog
  9221 | D        | Got a dazzling battleaxe {god gift}
  9235 | D        | Got a silver rune of Zot
  9260 | D        | Got a bloodstained scale mail
  9267 | D        | Identified the +0 scale mail of the Disturbing Hells {*Corrode Dex+5 Slay+3 SInv} (You found it in the Dungeon)
  9490 | D        | Received a gift from Trog
  9537 | D        | Received a gift from Trog
  9557 | D        | Noticed a bone dragon
  9569 | D        | Killed a bone dragon
  9569 | D        | Reached skill level 27 in Fighting
  9569 | D        | Reached skill level 27 in Armour
  9576 | D        | Noticed a bone dragon
  9582 | D        | Killed a bone dragon
  9601 | D        | Received a gift from Trog
  9607 | D        | Noticed a sphinx
  9607 | D        | Noticed a sphinx
  9631 | D        | Killed a sphinx
  9634 | D        | Killed a sphinx
  9634 | D        | Received a gift from Trog
  9634 | D        | Reached skill level 27 in Dodging
 10029 | D        | Noticed Mennas
 10046 | D        | Killed Mennas
 10204 | D        | Received a gift from Trog
 10264 | D        | Noticed Roxanne
 10272 | D        | Killed Roxanne
 10272 | D        | Reached skill level 10 in Evocations
 10273 | D        | Identified Roxanne's Grimoire of the Rocks (You took it off Roxanne in the Dungeon)
 10283 | D        | Received a gift from Trog
 10503 | D        | Received a gift from Trog
 10520 | D        | Noticed Geryon
 10557 | D        | Received a gift from Trog
 10631 | D        | HP: 7/183 [hell beast[Geryon] (8)]
 10632 | D        | Mangled by Geryon

Skill      XL: |  1  2  3  4  5  6  7  8  9 10 11 12 13 14 15 16 |
---------------+-------------------------------------------------+-----
Fighting       | 4 6 8 10 11 12 14 16 17 19 22 26 27 | 27.0
Axes           | 5 7 8 11 13 15 17 18 21 23 26 27 | 27.0
Armour         | 4 5 8 9 11 12 14 15 17 19 22 26 27 | 27.0
Dodging        | 3 5 7 9 10 11 13 14 16 18 21 24 27 | 27.0
Evocations     | 14 | 14.6

Action                   |  1- 3 |  4- 6 |  7- 9 | 10-12 | 13-15 | 16-18 || total
-------------------------+-------+-------+-------+-------+-------+-------++-------
Melee: Hand axe          |    10 |     9 |    55 |       |       |       ||    74
       Headbutt          |     3 |     4 |    19 |    49 |   130 |    76 ||   281
       Broad axe         |       |       |    20 |       |       |       ||    20
       Battleaxe         |       |       |       |   301 |   479 |   232 ||  1012
Invok: Berserk           |     2 |       |     3 |       |     2 |     1 ||     8
       Burn Spellbooks   |       |     1 |     1 |       |       |       ||     2
       Brothers in Arms  |       |       |     3 |     4 |    14 |     7 ||    28
 Abil: Evoke Flight      |       |       |       |       |     5 |       ||     5
Evoke: Wand              |       |       |       |     2 |     3 |       ||     5
  Use: Scroll            |       |       |     1 |       |       |     5 ||     6
       Potion            |       |       |       |       |       |     2 ||     2
 Stab: Distracted        |       |       |       |       |     2 |       ||     2
       Held in net/web   |       |       |       |       |     2 |       ||     2
  Eat: Chunk             |       |       |     3 |     3 |    16 |       ||    22
       Ration            |       |       |     1 |     3 |     3 |     2 ||     9
Armor: Leather armour    |       |       |     3 |       |       |       ||     3
       Chain mail        |       |       |     9 |    97 |    31 |       ||   137
       Plate armour      |       |       |       |       |    70 |       ||    70
       Gold dragon scale |       |       |       |       |    19 |   108 ||   127
Dodge: Dodged            |     4 |     1 |    27 |   182 |   181 |   168 ||   563
